 Dungeon Crawl Stone Soup version 0.25-a0-972-g74ed164fb1 (webtiles) character file.

Game seed: 3464244339369144209, levelgen mode: deterministic

12 Atelerd the Magician (level 2, -3/17 HPs)
             Began as an Octopode Wizard on May 9, 2020.
             Slain by a hobgoblin
             ... wielding a +0 club
              (4 damage)
             ... on level 1 of the Dungeon.
             The game lasted 00:00:58 (1292 turns).

Atelerd the Magician (Octopode Wizard)              Turns: 1292, Time: 00:00:59

Health: -3/17      AC:  1    Str:  6    XL:     2   Next: 33%
Magic:  1/6        EV: 13    Int: 20    God:
Gold:   84         SH:  0    Dex: 10    Spells: 6/7 levels left

rFire    . . .     SeeInvis .   b - +0 short sword
rCold    . . .     Gourm    .   (no shield)
rNeg     . . .     Faith    .   a - +0 hat
rPois    .         Spirit   .   (no amulet)
rElec    .         Reflect  .   (no ring)
rCorr    .         Harm     .   (no ring)
MR       .....                  (no ring)
Stlth    +++.......             (no ring)
HPRegen  0.05/turn              (no ring)
MPRegen  0.10/turn              (no ring)
                                (no ring)
                                (no ring)

@: very slightly contaminated
A: almost no armour, stealthy swim, amphibious, 8 rings, constrict 8, camouflage
1, gelatinous body 1
a: no special abilities


You were on level 1 of the Dungeon.
You were not hungry.

You visited 1 branch of the dungeon, and saw 1 of its levels.

You collected 84 gold pieces.

Inventory:

Hand Weapons
 b - a +0 short sword (weapon)
Armour
 a - a +0 hat (worn)
Scrolls
 d - 3 scrolls of magic mapping {unknown}
Comestibles
 c - 2 rations
 f - a chunk of flesh


   Skills:
 - Level 2.0 Dodging
 - Level 2.6 Stealth
 + Level 3.2 Spellcasting
 * Level 2.0 Conjurations
   Level 1.0 Summonings
   Level 1.0 Translocations


You had 6 spell levels left.
You knew the following spells:

 Your Spells              Type           Power        Failure   Level  Hunger
a - Magic Dart            Conj           ##..         6%          1    None

Your spell library contained the following spells:

 Spells                   Type           Power        Failure   Level  Hunger
 Blink                    Tloc           N/A          14%         2    ##.....
 Call Imp                 Summ           #.......     14%         2    ##.....
 Slow                     Hex            #.......     22%         2    ##.....
 Conjure Flame            Conj/Fire      #.......     28%         3    ###....
 Mephitic Cloud           Conj/Pois/Air  #.......     32%         3    ###....


Dungeon Overview and Level Annotations

Branches:
Dungeon (1/15)

Altars:


Innate Abilities, Weirdness & Mutations

You cannot wear most types of armour.
You are very stealthy in the water. (Stealth+)
You are amphibious.
You can wear up to eight rings at the same time.
You can use your tentacles to constrict eight enemies at once.
Your skin changes colour to match your surroundings (Stealth+).
Your rubbery body absorbs attacks. (AC +1, EV +1)


Message History

The jackal completely misses you. The jackal closely misses you.
The hobgoblin hits you with a +0 club.
* * * LOW HITPOINT WARNING * * *
The jackal bites you.
* * * LOW HITPOINT WARNING * * *
Casting: Magic Dart (safe; 6% risk of failure)
Confirm with . or Enter, or press ? or * to list all spells.
You don't know that spell.
You aren't carrying any potions.
The jackal barely misses you. The hobgoblin misses you.
The hobgoblin barely misses you.
Casting: Magic Dart (safe; 6% risk of failure)
Confirm with . or Enter, or press ? or * to list all spells.
Aiming: Magic Dart (safe; 6% risk of failure)
Press: ? - help, Shift-Dir - straight line, f/p - jackal
Aim: a jackal The magic dart hits the jackal but does no damage.
The jackal bites you but does no damage.
The hobgoblin hits you with a +0 club.
You die...

#.# #####.# #.#
####.....# #.#
#.......####### .
#.#
#.............# .#
##.#
#........####.#.#
...# #........###
.# ####
#..........##.#.##
#.....g..#.......#
#....@hh......#
###############


You could see 2 jackals and a hobgoblin.

Vanquished Creatures
  2 giant cockroaches (D:1)
  A goblin (D:1)
  2 hobgoblins (D:1)
  A jackal (D:1)
  A frilled lizard (D:1)
  2 kobolds (D:1)
  3 rats (D:1)
12 creatures vanquished.

Notes
Turn   | Place    | Note
-------+----------+-------------------------------------------
     0 | D:1      | Atelerd the Octopode Wizard began the quest for the Orb.
     0 | D:1      | Reached XP level 1. HP: 11/11 MP: 4/4
   593 | D:1      | Reached XP level 2. HP: 13/17 MP: 6/6
  1292 | D:1      | Slain by a hobgoblin

Illustrated notes

Levels and vault maps discovered:
D:1:      dpeg_arrival_tiny_i, layout_loops_corners,
          wander_ebering_terrifying_dragon_lair

Skill      XL: |  1  2 |
---------------+-------+-----
Conjurations   | 2 |  2.0
Dodging        | |  2.0
Stealth        | |  2.6
Spellcasting   | |  3.2
Summonings     | |  1.0
Translocations | |  1.0

Action                   || total
-------------------------++-------
Melee: Short sword       ||    32
       Constrict         ||     7
       Unarmed           ||     2
       Tentacles         ||     4
 Cast: Magic Dart        ||     8
 Stab: Sleeping          ||     6
  Eat: Chunk             ||     1
Armor: Skin              ||     4
Dodge: Dodged            ||    39

Table legend:
 A = Non-vault XP
 B = Vault XP
 C = Vault XP percentage of total XP
 D = Non-vault monster count
 E = Vault monster count
 F = Vault count percentage of total count
                 A         B        C        D         E       F
            +---------+---------+-------+---------+---------+-------
      Total |      17 |       1 |   5.6 |      11 |       1 |   8.3
            +---------+---------+-------+---------+---------+-------
        D:1 |      17 |       1 |   5.6 |      11 |       1 |   8.3
            +---------+---------+-------+---------+---------+-------
